Rangers vs Panthers
(R1)
Created - October 20, 2024 at 23:14
Goals
|
| Rangers |
0 |
4 |
1 |
5 |
| Panthers |
0 |
1 |
1 |
2 |
|
Shots
|
| Rangers |
7 |
14 |
6 |
27 |
| Panthers |
7 |
14 |
8 |
29 |
|
1st period
No Goal
Penalties :
David Pope (NyR) for Hooking (Minor) at 1:24, Drake Batherson (Flo) for High sticking (Minor) at 9:57
2nd period
1. Rangers , Tomas Hertl 1 (Cale Makar 3, Ondrej Palat 1) at 1:25
2. Rangers , Jake McCabe 1 (Casey Mittelstadt 1, Cale Makar 4) at 6:00
3. Rangers , Sean Couturier 1 (Cale Makar 5) at 6:08
4. Panthers , Mikkel Boedker 1 (Matt Duchene 1, Miro Aaltonen 1) at 8:31
5. Rangers , Milan Lucic 2 (Devante Smith-Pelly 1) at 11:41 (PP)
Penalties :
Aleksander Barkov (Flo) for Tripping (Minor) at 10:44, Devante Smith-Pelly (NyR) for Roughing (Minor) at 13:06
3rd period
6. Rangers , Cale Makar 3 (Tomas Hertl 1) at 6:32 (PP)
7. Panthers , Drake Batherson 1 (Griffin Reinhart 1, Aleksander Barkov 1) at 16:21
Penalties :
Mikhail Sergachev (NyR) for Tripping (Minor) at 0:16, Aleksander Barkov (Flo) for High sticking (Minor) at 5:58, Connor Chatam (NyR) for Checking from behind (Minor) at 19:49
Goalie Stats
Eric Comrie (NyR), 27 saves from 29 shots - (0.931), W, 1-0-0, 60:00 minutes
Ville Husso (Flo), 22 saves from 27 shots - (0.815), L, 0-1-0, 60:00 minutes
Players Stats for Rangers
Player Name G A P +/- PIM S H SB GA TA FO MP PP MP PK MP
------------------------------------------------------------------------------------
Cale Makar 1 3 4 3 0 1 0 1 2 1 0/0 23:13 1:10 0:00
Casey Mittelstadt 0 1 1 0 0 0 1 0 1 0 2/3 8:58 0:34 0:24
Connor Chatam 0 0 0 0 2 0 0 0 0 0 0/0 12:12 1:22 3:11
David Pope 0 0 0 0 2 0 1 1 0 0 0/0 10:04 0:37 1:25
Devante Smith-Pelly 0 1 1 1 2 2 3 0 0 0 0/0 16:51 1:19 0:00
Dmitry Kulikov 0 0 0 -2 0 1 1 5 0 0 0/0 19:31 0:38 3:47
Henrik Samuelsson 0 0 0 -1 0 3 2 1 0 0 3/8 13:49 0:00 1:27
Jake McCabe 1 0 1 3 0 2 0 3 0 1 0/0 26:12 0:21 3:47
Mikhail Sergachev 0 0 0 -2 2 2 0 0 0 0 0/0 19:29 1:21 1:28
Milan Lucic 1 0 1 1 0 5 2 0 0 0 1/1 17:53 2:41 0:41
Oliver Bjorkstrand 0 0 0 -1 0 1 1 1 0 0 0/0 14:44 0:37 1:44
Ondrej Palat 0 1 1 1 0 0 1 1 0 1 0/1 15:44 0:12 0:00
Patrik Nemeth 0 0 0 0 0 0 1 0 0 0 0/0 13:51 0:00 2:20
Ryan Strome 0 0 0 1 0 1 2 0 0 0 1/2 14:57 0:12 0:00
Samuel Blais 0 0 0 -1 0 4 3 1 1 0 0/0 14:53 2:34 0:00
Sean Couturier 1 0 1 1 0 1 4 0 0 0 17/34 20:32 2:41 3:22
Tomas Hertl 1 1 2 1 0 4 0 0 0 2 2/5 15:44 0:12 0:00
Vince Dunn 0 0 0 0 0 0 1 0 0 1 0/0 15:12 0:59 0:52
Players Stats for Panthers
Player Name G A P +/- PIM S H SB GA TA FO MP PP MP PK MP
------------------------------------------------------------------------------------
Aleksander Barkov 0 1 1 1 4 1 3 0 0 0 4/10 16:21 2:33 1:22
Alex Pietrangelo 0 0 0 -1 0 3 2 0 1 0 0/0 27:08 3:57 1:31
Danny DeKeiser 0 0 0 0 0 0 2 3 0 1 0/0 21:09 3:57 1:31
Dmitrij Jaskin 0 0 0 0 0 0 0 0 0 0 0/0 10:46 0:00 0:00
Dominik Kahun 0 0 0 0 0 0 0 0 0 0 2/5 11:09 0:00 0:23
Drake Batherson 1 0 1 1 2 1 1 0 1 0 0/0 15:08 2:33 0:00
Griffin Reinhart 0 1 1 0 0 3 0 0 0 2 0/0 18:57 2:10 0:43
Jimmy Vesey 0 0 0 -1 0 2 4 1 1 0 1/1 11:24 0:00 0:00
Kirill Kaprizov 0 0 0 1 0 0 1 0 0 0 0/0 15:51 2:33 0:00
Kris Versteeg 0 0 0 -1 0 3 0 0 1 0 0/0 13:35 0:00 2:53
Matt Duchene 0 1 1 -1 0 0 3 0 0 0 15/27 19:11 3:34 0:00
Mikkel Boedker 1 0 1 -1 0 4 3 1 0 0 0/0 19:48 3:34 0:37
Miro Aaltonen 0 1 1 -1 0 2 1 0 1 0 5/9 13:09 0:00 1:45
Nikita Kucherov 0 0 0 -1 0 5 1 0 0 0 1/2 19:19 3:34 0:00
Nikita Tryamkin 0 0 0 0 0 2 2 0 0 0 0/0 13:28 0:00 0:28
Niklas Hansson 0 0 0 -1 0 2 0 0 1 0 0/0 25:23 2:10 1:31
Nikolay Goldobin 0 0 0 0 0 1 0 0 0 0 0/0 10:46 0:00 0:00
Radim Simek 0 0 0 0 0 0 1 0 0 1 0/0 13:55 0:00 1:16
3 Stars
1 - Cale Makar (NyR)
2 - Jake McCabe (NyR)
3 - Sean Couturier (NyR)
Power Play
Rangers - 2 on 3 Attempt(s) - 66.67%
Panthers - 0 on 4 Attempt(s) - 0.00%
Penalty Kill
Rangers - 4 on 4 Attempt(s) - 100.00%
- Score 0 goal in Penalty Kill
Panthers - 1 on 3 Attempt(s) - 33.33%
- Score 0 goal in Penalty Kill
Team Stat
Rangers - Hits : 23 - Faceoff Wins : 26 - Blocked Shots : 14 - Penalty Minutes : 8
Panthers - Hits : 24 - Faceoff Wins : 28 - Blocked Shots : 5 - Penalty Minutes : 6
Official
Referees : Graham Skilliter and Jon McIsaac
Linesman : Derek Amell and Ryan Galloway
Game Notes
No Game Note
Finance
Level 1 -- Attendance: 6000 (100.00%) -- Ticket Income $600,000
Level 2 -- Attendance: 4417 (88.34%) -- Ticket Income $309,190
Level 3 -- Attendance: 1974 (98.70%) -- Ticket Income $78,960
Level 4 -- Attendance: 4000 (100.00%) -- Ticket Income $120,000
Luxury Box -- Attendance: 906 (90.60%) -- Ticket Income $181,200
Game was played at the BBT Center.
Total Attendance: 17297 (96.09%)
Total Ticket Income: $1,289,350
Other Income: $193,402
Total Income: $1,482,752
Rangers
5 vs 5 Forward
Center Left Wing Right Wing Time % Phy DF OF
1 Sean Couturier Milan Lucic Ryan Strome 40 1 2 2
2 Tomas Hertl Ondrej Palat Devante Smith-Pelly 30 1 2 2
3 Henrik Samuelsson Samuel Blais Oliver Bjorkstrand 20 1 2 2
4 Casey Mittelstadt David Pope Connor Chatam 10 1 2 2
5 vs 5 Defense
Defense Defense Time % Phy DF OF
1 Cale Makar Jake McCabe 45 1 2 2
2 Dmitry Kulikov Mikhail Sergachev 30 1 2 2
3 Patrik Nemeth Vince Dunn 20 1 2 2
4 Mikhail Sergachev Vince Dunn 5 1 2 2
PowerPlay Forward
Center Left Wing Right Wing Time % Phy DF OF
1 Sean Couturier Milan Lucic Devante Smith-Pelly 60 1 2 2
2 Tomas Hertl Ondrej Palat Ryan Strome 40 1 2 2
PowerPlay Defense
Defense Defense Time % Phy DF OF
1 Cale Makar Samuel Blais 60 1 2 2
2 Jake McCabe Vince Dunn 40 1 2 2
Penalty Kill 4 Players Forward
Center Wing Time % Phy DF OF
1 Sean Couturier Connor Chatam 60 1 2 2
2 Henrik Samuelsson David Pope 40 1 2 2
Penalty Kill 4 Players Defense
Defense Defense Time % Phy DF OF
1 Jake McCabe Dmitry Kulikov 60 1 2 2
2 Patrik Nemeth Mikhail Sergachev 40 1 2 2
Penalty Kill - 3 Players Forward
Forward Time % Phy DF OF
1 Henrik Samuelsson 60 1 2 2
2 Sean Couturier 40 1 2 2
Penalty Kill - 3 Players Defense
Defense Defense Time % Phy DF OF
1 Jake McCabe Dmitry Kulikov 60 1 2 2
2 Patrik Nemeth Mikhail Sergachev 40 1 2 2
4 vs 4 Forward
Center Wing Time % Phy DF OF
1 Sean Couturier Milan Lucic 60 1 2 2
2 Tomas Hertl Devante Smith-Pelly 40 1 2 2
4 vs 4 Defense
Defense Defense Time % Phy DF OF
1 Cale Makar Jake McCabe 60 1 2 2
2 Dmitry Kulikov Mikhail Sergachev 40 1 2 2
Last Minutes Offensive
Center Left Wing Right Wing Defense Defense
Sean Couturier Milan Lucic Ryan Strome Cale Makar Dmitry Kulikov
Last Minutes Defensive
Center Left Wing Right Wing Defense Defense
Sean Couturier Samuel Blais Devante Smith-Pelly Jake McCabe Dmitry Kulikov
Goaltenders
Starting : Eric Comrie
Backup : Samuel Montembeault
Extra Forwards
Normal : Samuel Blais, Devante Smith-Pelly, Oliver Bjorkstrand - PP : Samuel Blais, Devante Smith-Pelly - PK : Oliver Bjorkstrand
Extra Defensemen
Normal : Mikhail Sergachev, Vince Dunn, Patrik Nemeth - PP : Mikhail Sergachev - PK : Vince Dunn, Patrik Nemeth
Penalty Shots
Milan Lucic, Sean Couturier, Samuel Blais, Devante Smith-Pelly, Ryan Strome
Custom OT Lines Forwards
Milan Lucic, Sean Couturier, Tomas Hertl, Ryan Strome, Devante Smith-Pelly, Henrik Samuelsson, Ondrej Palat, Oliver Bjorkstrand, Samuel Blais, Casey Mittelstadt
Custom OT Lines Defensemen
Cale Makar, Jake McCabe, Mikhail Sergachev, Vince Dunn, Patrik Nemeth
Scratches
Seth Griffith (Healthy), Stefan Noesen (Healthy), Steven Santini (Healthy)
Panthers
5 vs 5 Forward
Center Left Wing Right Wing Time % Phy DF OF
1 Matt Duchene Mikkel Boedker Nikita Kucherov 40 0 2 3
2 Aleksander Barkov Kirill Kaprizov Drake Batherson 30 0 2 3
3 Miro Aaltonen Jimmy Vesey Kris Versteeg 20 1 2 2
4 Dominik Kahun Nikolay Goldobin Dmitrij Jaskin 10 1 2 2
5 vs 5 Defense
Defense Defense Time % Phy DF OF
1 Alex Pietrangelo Niklas Hansson 40 0 2 3
2 Danny DeKeiser Griffin Reinhart 30 0 2 3
3 Radim Simek Nikita Tryamkin 20 1 2 2
4 Alex Pietrangelo Niklas Hansson 10 0 2 3
PowerPlay Forward
Center Left Wing Right Wing Time % Phy DF OF
1 Matt Duchene Mikkel Boedker Nikita Kucherov 60 0 1 4
2 Aleksander Barkov Kirill Kaprizov Drake Batherson 40 0 1 4
PowerPlay Defense
Defense Defense Time % Phy DF OF
1 Alex Pietrangelo Danny DeKeiser 60 0 2 3
2 Niklas Hansson Griffin Reinhart 40 0 2 3
Penalty Kill 4 Players Forward
Center Wing Time % Phy DF OF
1 Aleksander Barkov Kris Versteeg 60 1 3 1
2 Miro Aaltonen Mikkel Boedker 40 1 3 1
Penalty Kill 4 Players Defense
Defense Defense Time % Phy DF OF
1 Alex Pietrangelo Niklas Hansson 60 1 3 1
2 Danny DeKeiser Radim Simek 40 1 3 1
Penalty Kill - 3 Players Forward
Forward Time % Phy DF OF
1 Kris Versteeg 60 1 3 1
2 Aleksander Barkov 40 1 3 1
Penalty Kill - 3 Players Defense
Defense Defense Time % Phy DF OF
1 Alex Pietrangelo Niklas Hansson 60 1 3 1
2 Danny DeKeiser Radim Simek 40 1 3 1
4 vs 4 Forward
Center Wing Time % Phy DF OF
1 Matt Duchene Nikita Kucherov 60 0 2 3
2 Aleksander Barkov Mikkel Boedker 40 0 2 3
4 vs 4 Defense
Defense Defense Time % Phy DF OF
1 Alex Pietrangelo Niklas Hansson 60 0 2 3
2 Danny DeKeiser Griffin Reinhart 40 1 2 2
Last Minutes Offensive
Center Left Wing Right Wing Defense Defense
Matt Duchene Mikkel Boedker Nikita Kucherov Alex Pietrangelo Griffin Reinhart
Last Minutes Defensive
Center Left Wing Right Wing Defense Defense
Aleksander Barkov Mikkel Boedker Kris Versteeg Danny DeKeiser Niklas Hansson
Goaltenders
Starting : Ville Husso
Backup : Brandon Halverson
Extra Forwards
Normal : Kirill Kaprizov, Nikita Kucherov, Matt Duchene - PP : Drake Batherson, Matt Duchene - PK : Miro Aaltonen
Extra Defensemen
Normal : Radim Simek, Alex Pietrangelo, Niklas Hansson - PP : Alex Pietrangelo - PK : Radim Simek, Niklas Hansson
Penalty Shots
Drake Batherson, Nikita Kucherov, Mikkel Boedker, Miro Aaltonen, Aleksander Barkov
Custom OT Lines Forwards
Matt Duchene, Nikita Kucherov, Aleksander Barkov, Drake Batherson, Kirill Kaprizov, Mikkel Boedker, Miro Aaltonen, Jimmy Vesey, Nikolay Goldobin, Kris Versteeg
Custom OT Lines Defensemen
Alex Pietrangelo, Danny DeKeiser, Niklas Hansson, Griffin Reinhart, Radim Simek
Scratches
None
% Time on Ice - Rangers
Lines # - Real PCT - Wanted PCT - Time Play
Normal Forward
1 - 29% - 40% - 14:50
2 - 31% - 30% - 15:35
3 - 24% - 20% - 12:19
4 - 15% - 10% - 7:39
Normal Defense
1 - 44% - 45% - 22:04
2 - 30% - 30% - 15:08
3 - 23% - 20% - 11:25
4 - 4% - 5% - 1:46
PP Forward
1 - 94% - 60% - 3:18
2 - 6% - 40% - 0:12
PP Defense
1 - 72% - 60% - 2:31
2 - 28% - 40% - 0:59
PK Forward
1 - 76% - 60% - 4:40
2 - 24% - 40% - 1:27
PK Defense
1 - 62% - 60% - 3:47
2 - 38% - 40% - 2:20
PK3 Forward
1 - 0% - 60%
2 - 0% - 40%
PK3 Defense
1 - 0% - 60%
2 - 0% - 40%
44 Forward
1 - 0% - 60%
2 - 0% - 40%
44 Defense
1 - 0% - 60%
2 - 0% - 40%
Last Minute Offensive - 0:00
Last Minute Defensive - 0:00
Total
Forward - 60:00
Defense - 60:00
|
% Time on Ice - Panthers
Lines # - Real PCT - Wanted PCT - Time Play
Normal Forward
1 - 31% - 40% - 15:50
2 - 25% - 30% - 12:23
3 - 23% - 20% - 11:24
4 - 21% - 10% - 10:46
Normal Defense
1 - 41% - 40% - 20:25
2 - 30% - 30% - 15:00
3 - 24% - 20% - 12:16
4 - 5% - 10% - 2:42
PP Forward
1 - 58% - 60% - 3:34
2 - 42% - 40% - 2:33
PP Defense
1 - 65% - 60% - 3:57
2 - 35% - 40% - 2:10
PK Forward
1 - 82% - 60% - 2:53
2 - 18% - 40% - 0:37
PK Defense
1 - 57% - 60% - 1:59
2 - 43% - 40% - 1:31
PK3 Forward
1 - 0% - 60%
2 - 0% - 40%
PK3 Defense
1 - 0% - 60%
2 - 0% - 40%
44 Forward
1 - 0% - 60%
2 - 0% - 40%
44 Defense
1 - 0% - 60%
2 - 0% - 40%
Last Minute Offensive - 0:00
Last Minute Defensive - 0:00
Total
Forward - 60:00
Defense - 60:00
|
Play-by-Play
1st period
0:01 of 1st period - Matt Duchene wins face-off versus Sean Couturier in neutral zone.
0:16 of 1st period - Niklas Hansson is hit by Milan Lucic.
0:26 of 1st period - Devante Smith-Pelly is hit by Aleksander Barkov and loses puck.
1:01 of 1st period - Icing by Miro Aaltonen.
1:02 of 1st period - Miro Aaltonen wins face-off versus Casey Mittelstadt in Panthers zone.
1:24 of 1st period - Minor Penalty to David Pope for Hooking.
1:25 of 1st period - Matt Duchene wins face-off versus Sean Couturier in Rangers zone.
1:27 of 1st period - Wrist shot by Nikita Kucherov.
1:27 of 1st period - Shot Blocked by Dmitry Kulikov.
2:24 of 1st period - Snap shot by Sean Couturier.
2:24 of 1st period - Shot Misses the Net.
3:24 of 1st period - Penalty to David Pope is over, David Pope is back on ice.
3:32 of 1st period - Dmitrij Jaskin is hit by Devante Smith-Pelly and loses puck.
3:43 of 1st period - Snap shot by Dominik Kahun.
3:43 of 1st period - Deflect By Dmitrij Jaskin.
3:43 of 1st period - Shot Blocked by Jake McCabe.
3:43 of 1st period - Puck is out of play.
3:44 of 1st period - Casey Mittelstadt wins face-off versus Miro Aaltonen in Rangers zone.
3:44 of 1st period - Casey Mittelstadt is hit by Radim Simek.
4:12 of 1st period - Wrist shot by Devante Smith-Pelly.
4:12 of 1st period - Deflect By Dmitrij Jaskin.
4:12 of 1st period - Stopped by Ville Husso without a rebound.
4:13 of 1st period - Tomas Hertl wins face-off versus Dominik Kahun in Panthers zone.
4:28 of 1st period - Slapshot by Alex Pietrangelo.
4:28 of 1st period - Shot Blocked by Cale Makar.
5:35 of 1st period - Slapshot by Dmitrij Jaskin.
5:35 of 1st period - Shot Misses the Net.
6:28 of 1st period - Snap shot by Tomas Hertl.
6:28 of 1st period - Stopped by Ville Husso with a rebound.
7:14 of 1st period - Snap shot by Dominik Kahun.
7:14 of 1st period - Shot Misses the Net.
7:52 of 1st period - Slapshot by Alex Pietrangelo.
7:52 of 1st period - Stopped by Eric Comrie with a rebound.
8:24 of 1st period - Wrist shot by Alex Pietrangelo.
8:24 of 1st period - Deflect By Jake McCabe.
8:24 of 1st period - Stopped by Eric Comrie without a rebound.
8:25 of 1st period - Matt Duchene wins face-off versus Sean Couturier in Rangers zone.
9:01 of 1st period - Snap shot by Aleksander Barkov.
9:01 of 1st period - Shot Misses the Net.
9:03 of 1st period - Slapshot by Nikita Tryamkin.
9:03 of 1st period - Stopped by Eric Comrie with a rebound.
9:35 of 1st period - Ryan Strome is hit by Nikita Tryamkin and loses puck.
9:57 of 1st period - Minor Penalty to Drake Batherson for High sticking.
9:58 of 1st period - Sean Couturier wins face-off versus Aleksander Barkov in Panthers zone.
10:44 of 1st period - Snap shot by Oliver Bjorkstrand.
10:44 of 1st period - Stopped by Ville Husso without a rebound.
10:45 of 1st period - Casey Mittelstadt wins face-off versus Aleksander Barkov in Panthers zone.
10:50 of 1st period - Snap shot by David Pope.
10:50 of 1st period - Shot Blocked by Danny DeKeiser.
10:52 of 1st period - Slapshot by Samuel Blais.
10:52 of 1st period - Stopped by Ville Husso with a rebound.
10:54 of 1st period - Slapshot by Casey Mittelstadt.
10:54 of 1st period - Shot Misses the Net.
10:56 of 1st period - Snap shot by Mikhail Sergachev.
10:56 of 1st period - Stopped by Ville Husso without a rebound.
10:57 of 1st period - Aleksander Barkov wins face-off versus Sean Couturier in Panthers zone.
10:57 of 1st period - Aleksander Barkov is hit by Sean Couturier.
11:57 of 1st period - Penalty to Drake Batherson is over, Drake Batherson is back on ice.
12:13 of 1st period - Vince Dunn is hit by Nikita Kucherov and loses puck.
12:36 of 1st period - Snap shot by Miro Aaltonen.
12:36 of 1st period - Shot Misses the Net.
12:38 of 1st period - Wrist shot by Kirill Kaprizov.
12:38 of 1st period - Shot Misses the Net.
12:40 of 1st period - Slapshot by Griffin Reinhart.
12:40 of 1st period - Stopped by Eric Comrie without a rebound.
12:41 of 1st period - Miro Aaltonen wins face-off versus Henrik Samuelsson in Rangers zone.
12:44 of 1st period - Slapshot by Alex Pietrangelo.
12:44 of 1st period - Stopped by Eric Comrie with a rebound.
12:46 of 1st period - Slapshot by Niklas Hansson.
12:46 of 1st period - Stopped by Eric Comrie with a rebound.
13:02 of 1st period - Miro Aaltonen is hit by Henrik Samuelsson and loses puck.
13:27 of 1st period - Snap shot by Jimmy Vesey.
13:27 of 1st period - Stopped by Eric Comrie without a rebound.
13:28 of 1st period - Sean Couturier wins face-off versus Matt Duchene in Rangers zone.
13:33 of 1st period - Slapshot by Mikhail Sergachev.
13:33 of 1st period - Stopped by Ville Husso with a rebound.
13:53 of 1st period - Dmitry Kulikov is hit by Alex Pietrangelo and loses puck.
14:55 of 1st period - Samuel Blais is hit by Alex Pietrangelo and loses puck.
15:22 of 1st period - Slapshot by Alex Pietrangelo.
15:22 of 1st period - Shot Misses the Net.
15:53 of 1st period - David Pope is hit by Mikkel Boedker and loses puck.
16:08 of 1st period - Nikita Tryamkin is hit by Samuel Blais and loses puck.
16:38 of 1st period - Snap shot by Mikkel Boedker.
16:38 of 1st period - Shot Blocked by Dmitry Kulikov.
16:40 of 1st period - Snap shot by Nikita Kucherov.
16:40 of 1st period - Shot Blocked by Dmitry Kulikov.
16:42 of 1st period - Snap shot by Matt Duchene.
16:42 of 1st period - Shot Blocked by Dmitry Kulikov.
16:54 of 1st period - Snap shot by Samuel Blais.
16:54 of 1st period - Shot Blocked by Danny DeKeiser.
17:06 of 1st period - Kris Versteeg is hit by Sean Couturier and loses puck.
17:11 of 1st period - Wrist shot by Sean Couturier.
17:11 of 1st period - Deflect By Milan Lucic.
17:11 of 1st period - Shot Misses the Net.
17:11 of 1st period - Puck is out of play.
17:12 of 1st period - Matt Duchene wins face-off versus Sean Couturier in Panthers zone.
17:12 of 1st period - Matt Duchene is hit by Ryan Strome.
17:17 of 1st period - Alex Pietrangelo is hit by Milan Lucic and loses puck.
17:37 of 1st period - Alex Pietrangelo is hit by Sean Couturier and loses puck.
17:52 of 1st period - Vince Dunn is hit by Miro Aaltonen and loses puck.
18:23 of 1st period - Mikkel Boedker is hit by Vince Dunn and loses puck.
18:34 of 1st period - Slapshot by Devante Smith-Pelly.
18:34 of 1st period - Stopped by Ville Husso with a rebound.
18:44 of 1st period - Wrist shot by Mikkel Boedker.
18:44 of 1st period - Shot Misses the Net.
18:46 of 1st period - Snap shot by Dmitrij Jaskin.
18:46 of 1st period - Shot Blocked by Dmitry Kulikov.
18:48 of 1st period - Snap shot by Nikolay Goldobin.
18:48 of 1st period - Deflect By Dominik Kahun.
18:48 of 1st period - Shot Hit the Post.
18:48 of 1st period - Puck is out of play.
18:49 of 1st period - Henrik Samuelsson wins face-off versus Dominik Kahun in Rangers zone.
19:16 of 1st period - Ryan Strome is hit by Matt Duchene and loses puck.
Goals for this period are 0 for Rangers vs 0 for Panthers.
Shots for this period are 7 for Rangers vs 7 for Panthers.
2nd period
0:01 of 2nd period - Sean Couturier wins face-off versus Matt Duchene in neutral zone.
0:01 of 2nd period - Sean Couturier is hit by Mikkel Boedker.
0:27 of 2nd period - Kirill Kaprizov is hit by Samuel Blais.
0:37 of 2nd period - Slapshot by Griffin Reinhart.
0:37 of 2nd period - Shot Misses the Net.
0:47 of 2nd period - Wrist shot by Henrik Samuelsson.
0:47 of 2nd period - Stopped by Ville Husso with a rebound.
0:49 of 2nd period - Snap shot by Tomas Hertl.
0:49 of 2nd period - Stopped by Ville Husso without a rebound.
0:50 of 2nd period - Miro Aaltonen wins face-off versus Tomas Hertl in Panthers zone.
1:25 of 2nd period - Wrist shot by Cale Makar.
1:25 of 2nd period - Deflect By Tomas Hertl.
1:25 of 2nd period - Goal by Tomas Hertl - Rangers : 1 - Panthers : 0.
1:26 of 2nd period - Sean Couturier wins face-off versus Matt Duchene in neutral zone.
2:03 of 2nd period - Snap shot by Griffin Reinhart.
2:03 of 2nd period - Shot Blocked by Oliver Bjorkstrand.
2:23 of 2nd period - Wrist shot by Kris Versteeg.
2:23 of 2nd period - Stopped by Eric Comrie with a rebound.
3:38 of 2nd period - Slapshot by Nikita Tryamkin.
3:38 of 2nd period - Stopped by Eric Comrie without a rebound.
3:39 of 2nd period - Matt Duchene wins face-off versus Sean Couturier in Rangers zone.
3:56 of 2nd period - Snap shot by Nikita Kucherov.
3:56 of 2nd period - Stopped by Eric Comrie with a rebound.
4:06 of 2nd period - Aleksander Barkov is hit by Samuel Blais and loses puck.
5:15 of 2nd period - Snap shot by Sean Couturier.
5:15 of 2nd period - Shot Misses the Net.
5:17 of 2nd period - Slapshot by Sean Couturier.
5:17 of 2nd period - Shot Misses the Net.
5:19 of 2nd period - Slapshot by Patrik Nemeth.
5:19 of 2nd period - Shot Blocked by Jimmy Vesey.
5:21 of 2nd period - Slapshot by Patrik Nemeth.
5:21 of 2nd period - Shot Misses the Net.
5:58 of 2nd period - Wrist shot by Casey Mittelstadt.
5:58 of 2nd period - Shot Hit the Post.
6:00 of 2nd period - Snap shot by Jake McCabe.
6:00 of 2nd period - Goal by Jake McCabe - Rangers : 2 - Panthers : 0.
6:01 of 2nd period - Sean Couturier wins face-off versus Matt Duchene in neutral zone.
6:08 of 2nd period - Snap shot by Sean Couturier.
6:08 of 2nd period - Goal by Sean Couturier - Rangers : 3 - Panthers : 0.
6:09 of 2nd period - Sean Couturier wins face-off versus Nikita Kucherov in neutral zone.
8:12 of 2nd period - Wrist shot by Aleksander Barkov.
8:12 of 2nd period - Shot Misses the Net.
8:14 of 2nd period - Slapshot by Nikita Tryamkin.
8:14 of 2nd period - Shot Blocked by Samuel Blais.
8:21 of 2nd period - Icing by Henrik Samuelsson.
8:22 of 2nd period - Jimmy Vesey wins face-off versus Henrik Samuelsson in Rangers zone.
8:29 of 2nd period - Slapshot by Matt Duchene.
8:29 of 2nd period - Shot Misses the Net.
8:31 of 2nd period - Slapshot by Mikkel Boedker.
8:31 of 2nd period - Goal by Mikkel Boedker - Rangers : 3 - Panthers : 1.
8:32 of 2nd period - Sean Couturier wins face-off versus Matt Duchene in neutral zone.
9:04 of 2nd period - Slapshot by Griffin Reinhart.
9:04 of 2nd period - Stopped by Eric Comrie with a rebound.
9:06 of 2nd period - Slapshot by Griffin Reinhart.
9:06 of 2nd period - Shot Misses the Net.
9:08 of 2nd period - Snap shot by Drake Batherson.
9:08 of 2nd period - Shot Blocked by Henrik Samuelsson.
10:08 of 2nd period - Snap shot by Kris Versteeg.
10:08 of 2nd period - Stopped by Eric Comrie with a rebound.
10:37 of 2nd period - Mikhail Sergachev is hit by Aleksander Barkov and loses puck.
10:44 of 2nd period - Minor Penalty to Aleksander Barkov for Tripping.
10:45 of 2nd period - Sean Couturier wins face-off versus Miro Aaltonen in Panthers zone.
10:56 of 2nd period - Snap shot by Milan Lucic.
10:56 of 2nd period - Stopped by Ville Husso with a rebound.
10:58 of 2nd period - Slapshot by Milan Lucic.
10:58 of 2nd period - Stopped by Ville Husso without a rebound.
10:59 of 2nd period - Sean Couturier wins face-off versus Miro Aaltonen in Panthers zone.
11:08 of 2nd period - Wrist shot by Milan Lucic.
11:08 of 2nd period - Stopped by Ville Husso without a rebound.
11:09 of 2nd period - Miro Aaltonen wins face-off versus Sean Couturier in Panthers zone.
11:34 of 2nd period - Alex Pietrangelo is hit by Devante Smith-Pelly and loses puck.
11:41 of 2nd period - Slapshot by Milan Lucic.
11:41 of 2nd period - Goal by Milan Lucic - Rangers : 4 - Panthers : 1.
11:42 of 2nd period - Matt Duchene wins face-off versus Sean Couturier in neutral zone.
12:09 of 2nd period - Drake Batherson is hit by Devante Smith-Pelly.
12:20 of 2nd period - Snap shot by Tomas Hertl.
12:20 of 2nd period - Stopped by Ville Husso with a rebound.
12:22 of 2nd period - Slapshot by Dmitry Kulikov.
12:22 of 2nd period - Stopped by Ville Husso without a rebound.
12:23 of 2nd period - Matt Duchene wins face-off versus Henrik Samuelsson in Panthers zone.
12:30 of 2nd period - Dmitry Kulikov is hit by Mikkel Boedker and loses puck.
12:49 of 2nd period - Kirill Kaprizov is hit by Dmitry Kulikov.
13:06 of 2nd period - Minor Penalty to Devante Smith-Pelly for Roughing.
13:07 of 2nd period - Matt Duchene wins face-off versus Sean Couturier in Rangers zone.
13:18 of 2nd period - Slapshot by Nikita Kucherov.
13:18 of 2nd period - Shot Misses the Net.
13:20 of 2nd period - Backhand shot by Mikkel Boedker.
13:20 of 2nd period - Stopped by Eric Comrie without a rebound.
13:21 of 2nd period - Matt Duchene wins face-off versus Sean Couturier in Rangers zone.
13:22 of 2nd period - Wrist shot by Nikita Kucherov.
13:22 of 2nd period - Shot Misses the Net.
13:24 of 2nd period - Snap shot by Nikita Kucherov.
13:24 of 2nd period - Shot Blocked by Jake McCabe.
14:01 of 2nd period - Wrist shot by Mikkel Boedker.
14:01 of 2nd period - Stopped by Eric Comrie with a rebound.
14:09 of 2nd period - Wrist shot by Mikkel Boedker.
14:09 of 2nd period - Stopped by Eric Comrie without a rebound.
14:10 of 2nd period - Henrik Samuelsson wins face-off versus Aleksander Barkov in Rangers zone.
15:06 of 2nd period - Penalty to Devante Smith-Pelly is over, Devante Smith-Pelly is back on ice.
15:28 of 2nd period - Miro Aaltonen is hit by Patrik Nemeth.
15:46 of 2nd period - Ondrej Palat is hit by Danny DeKeiser and loses puck.
16:05 of 2nd period - Kris Versteeg is hit by Sean Couturier and loses puck.
16:31 of 2nd period - Icing by Niklas Hansson.
16:32 of 2nd period - Aleksander Barkov wins face-off versus Henrik Samuelsson in Panthers zone.
17:30 of 2nd period - Slapshot by Nikita Kucherov.
17:30 of 2nd period - Shot Misses the Net.
17:32 of 2nd period - Wrist shot by Nikita Kucherov.
17:32 of 2nd period - Stopped by Eric Comrie without a rebound.
17:33 of 2nd period - Matt Duchene wins face-off versus Tomas Hertl in Rangers zone.
17:40 of 2nd period - Snap shot by Nikita Kucherov.
17:40 of 2nd period - Stopped by Eric Comrie with a rebound.
17:42 of 2nd period - Wrist shot by Nikita Kucherov.
17:42 of 2nd period - Shot Misses the Net.
17:44 of 2nd period - Slapshot by Danny DeKeiser.
17:44 of 2nd period - Deflect By Nikita Kucherov.
17:44 of 2nd period - Stopped by Eric Comrie without a rebound.
17:45 of 2nd period - Matt Duchene wins face-off versus Ryan Strome in Rangers zone.
17:50 of 2nd period - Wrist shot by Matt Duchene.
17:50 of 2nd period - Deflect By Nikita Kucherov.
17:50 of 2nd period - Shot Blocked by Jake McCabe.
17:50 of 2nd period - Puck is out of play.
17:51 of 2nd period - Sean Couturier wins face-off versus Matt Duchene in Rangers zone.
18:10 of 2nd period - Icing by Ryan Strome.
18:11 of 2nd period - Ryan Strome wins face-off versus Aleksander Barkov in Rangers zone.
18:16 of 2nd period - Slapshot by Jake McCabe.
18:16 of 2nd period - Stopped by Ville Husso with a rebound.
19:04 of 2nd period - Snap shot by Samuel Blais.
19:04 of 2nd period - Stopped by Ville Husso with a rebound.
19:06 of 2nd period - Slapshot by Cale Makar.
19:06 of 2nd period - Shot Blocked by Danny DeKeiser.
19:08 of 2nd period - Slapshot by Samuel Blais.
19:08 of 2nd period - Shot Misses the Net.
19:10 of 2nd period - Slapshot by Cale Makar.
19:10 of 2nd period - Deflect By Samuel Blais.
19:10 of 2nd period - Shot Hit the Post.
19:10 of 2nd period - Puck is out of play.
19:11 of 2nd period - Nikita Kucherov wins face-off versus Sean Couturier in Panthers zone.
19:40 of 2nd period - Snap shot by Aleksander Barkov.
19:40 of 2nd period - Stopped by Eric Comrie with a rebound.
19:46 of 2nd period - Wrist shot by Aleksander Barkov.
19:46 of 2nd period - Shot Misses the Net.
19:48 of 2nd period - Slapshot by Griffin Reinhart.
19:48 of 2nd period - Stopped by Eric Comrie without a rebound.
19:49 of 2nd period - Milan Lucic wins face-off versus Matt Duchene in Rangers zone.
19:56 of 2nd period - Snap shot by Milan Lucic.
19:56 of 2nd period - Stopped by Ville Husso without a rebound.
19:57 of 2nd period - Sean Couturier wins face-off versus Matt Duchene in Panthers zone.
Goals for this period are 4 for Rangers vs 1 for Panthers.
Shots for this period are 14 for Rangers vs 14 for Panthers.
3rd period
0:01 of 3rd period - Matt Duchene wins face-off versus Sean Couturier in neutral zone.
0:10 of 3rd period - Backhand shot by Nikita Kucherov.
0:10 of 3rd period - Stopped by Eric Comrie with a rebound.
0:12 of 3rd period - Snap shot by Mikkel Boedker.
0:12 of 3rd period - Deflect By Nikita Kucherov.
0:12 of 3rd period - Shot Misses the Net.
0:12 of 3rd period - Puck is out of play.
0:13 of 3rd period - Sean Couturier wins face-off versus Matt Duchene in Rangers zone.
0:13 of 3rd period - Sean Couturier is hit by Matt Duchene.
0:16 of 3rd period - Minor Penalty to Mikhail Sergachev for Tripping.
0:17 of 3rd period - Matt Duchene wins face-off versus Sean Couturier in Rangers zone.
2:16 of 3rd period - Penalty to Mikhail Sergachev is over, Mikhail Sergachev is back on ice.
2:44 of 3rd period - Snap shot by Samuel Blais.
2:44 of 3rd period - Stopped by Ville Husso with a rebound.
2:46 of 3rd period - Slapshot by Vince Dunn.
2:46 of 3rd period - Shot Misses the Net.
2:48 of 3rd period - Slapshot by Henrik Samuelsson.
2:48 of 3rd period - Shot Misses the Net.
3:08 of 3rd period - Sean Couturier is hit by Jimmy Vesey and loses puck.
3:21 of 3rd period - Nikita Kucherov is hit by Casey Mittelstadt and loses puck.
3:38 of 3rd period - Tomas Hertl is hit by Nikita Tryamkin and loses puck.
3:54 of 3rd period - Devante Smith-Pelly is hit by Jimmy Vesey and loses puck.
4:35 of 3rd period - Kirill Kaprizov is hit by Oliver Bjorkstrand and loses puck.
4:48 of 3rd period - Oliver Bjorkstrand is hit by Danny DeKeiser and loses puck.
4:55 of 3rd period - Wrist shot by Jimmy Vesey.
4:55 of 3rd period - Stopped by Eric Comrie with a rebound.
5:07 of 3rd period - Slapshot by Ryan Strome.
5:07 of 3rd period - Shot Blocked by Mikkel Boedker.
5:17 of 3rd period - Snap shot by Milan Lucic.
5:17 of 3rd period - Shot Misses the Net.
5:58 of 3rd period - Minor Penalty to Aleksander Barkov for High sticking.
5:59 of 3rd period - Miro Aaltonen wins face-off versus Sean Couturier in Panthers zone.
6:27 of 3rd period - Kris Versteeg is hit by Ondrej Palat and loses puck.
6:32 of 3rd period - Slapshot by Cale Makar.
6:32 of 3rd period - Goal by Cale Makar - Rangers : 5 - Panthers : 1.
6:33 of 3rd period - Matt Duchene wins face-off versus Sean Couturier in neutral zone.
7:23 of 3rd period - Slapshot by Niklas Hansson.
7:23 of 3rd period - Shot Misses the Net.
8:07 of 3rd period - Nikita Tryamkin is hit by David Pope and loses puck.
8:34 of 3rd period - Devante Smith-Pelly is hit by Drake Batherson and loses puck.
8:50 of 3rd period - Slapshot by Cale Makar.
8:50 of 3rd period - Deflect By Sean Couturier.
8:50 of 3rd period - Shot Misses the Net.
8:50 of 3rd period - Puck is out of play.
8:51 of 3rd period - Sean Couturier wins face-off versus Dominik Kahun in Panthers zone.
10:22 of 3rd period - David Pope is hit by Matt Duchene and loses puck.
10:45 of 3rd period - Wrist shot by Nikolay Goldobin.
10:45 of 3rd period - Stopped by Eric Comrie without a rebound.
10:46 of 3rd period - Sean Couturier wins face-off versus Aleksander Barkov in Rangers zone.
10:50 of 3rd period - Off-side.
10:51 of 3rd period - Sean Couturier wins face-off versus Aleksander Barkov in neutral zone.
11:18 of 3rd period - Wrist shot by Matt Duchene.
11:18 of 3rd period - Shot Hit the Post.
11:40 of 3rd period - Slapshot by Miro Aaltonen.
11:40 of 3rd period - Deflect By Vince Dunn.
11:40 of 3rd period - Stopped by Eric Comrie without a rebound.
11:41 of 3rd period - Henrik Samuelsson wins face-off versus Miro Aaltonen in Rangers zone.
12:00 of 3rd period - Slapshot by Kris Versteeg.
12:00 of 3rd period - Stopped by Eric Comrie with a rebound.
12:08 of 3rd period - Samuel Blais is hit by Jimmy Vesey.
12:16 of 3rd period - Wrist shot by Miro Aaltonen.
12:16 of 3rd period - Stopped by Eric Comrie without a rebound.
12:17 of 3rd period - Sean Couturier wins face-off versus Matt Duchene in Rangers zone.
12:44 of 3rd period - Connor Chatam is hit by Aleksander Barkov and loses puck.
13:04 of 3rd period - Icing by Tomas Hertl.
13:05 of 3rd period - Dominik Kahun wins face-off versus Tomas Hertl in Rangers zone.
13:06 of 3rd period - Snap shot by Nikolay Goldobin.
13:06 of 3rd period - Shot Misses the Net.
13:08 of 3rd period - Wrist shot by Nikolay Goldobin.
13:08 of 3rd period - Shot Misses the Net.
13:10 of 3rd period - Wrist shot by Dominik Kahun.
13:10 of 3rd period - Shot Misses the Net.
14:16 of 3rd period - Slapshot by Cale Makar.
14:16 of 3rd period - Shot Misses the Net.
14:37 of 3rd period - Icing by Miro Aaltonen.
14:38 of 3rd period - Dominik Kahun wins face-off versus Sean Couturier in Panthers zone.
15:31 of 3rd period - Snap shot by Henrik Samuelsson.
15:31 of 3rd period - Stopped by Ville Husso without a rebound.
15:32 of 3rd period - Aleksander Barkov wins face-off versus Henrik Samuelsson in Panthers zone.
15:37 of 3rd period - Jake McCabe is hit by Kirill Kaprizov and loses puck.
15:48 of 3rd period - Kirill Kaprizov is hit by Henrik Samuelsson.
15:58 of 3rd period - Matt Duchene is hit by Ryan Strome and loses puck.
16:11 of 3rd period - Slapshot by Ryan Strome.
16:11 of 3rd period - Stopped by Ville Husso without a rebound.
16:12 of 3rd period - Aleksander Barkov wins face-off versus Ondrej Palat in Panthers zone.
16:19 of 3rd period - Slapshot by Griffin Reinhart.
16:19 of 3rd period - Shot Blocked by Ondrej Palat.
16:21 of 3rd period - Snap shot by Drake Batherson.
16:21 of 3rd period - Goal by Drake Batherson - Rangers : 5 - Panthers : 2.
16:22 of 3rd period - Matt Duchene wins face-off versus Sean Couturier in neutral zone.
16:25 of 3rd period - Slapshot by Nikita Kucherov.
16:25 of 3rd period - Shot Misses the Net.
16:27 of 3rd period - Snap shot by Matt Duchene.
16:27 of 3rd period - Shot Misses the Net.
16:29 of 3rd period - Snap shot by Niklas Hansson.
16:29 of 3rd period - Stopped by Eric Comrie with a rebound.
16:58 of 3rd period - Off-side.
16:59 of 3rd period - Tomas Hertl wins face-off versus Matt Duchene in neutral zone.
17:38 of 3rd period - Wrist shot by Samuel Blais.
17:38 of 3rd period - Stopped by Ville Husso with a rebound.
17:40 of 3rd period - Wrist shot by Henrik Samuelsson.
17:40 of 3rd period - Stopped by Ville Husso with a rebound.
17:56 of 3rd period - Wrist shot by Jimmy Vesey.
17:56 of 3rd period - Shot Blocked by David Pope.
18:41 of 3rd period - Snap shot by Nikolay Goldobin.
18:41 of 3rd period - Shot Misses the Net.
19:11 of 3rd period - Cale Makar is hit by Jimmy Vesey and loses puck.
19:49 of 3rd period - Minor Penalty to Connor Chatam for Checking from behind.
19:50 of 3rd period - Sean Couturier wins face-off versus Matt Duchene in Rangers zone.
Goals for this period are 1 for Rangers vs 1 for Panthers.
Shots for this period are 6 for Rangers vs 8 for Panthers.